 Dungeon Crawl Stone Soup version 0.29-a0-214-g17f627cfee (webtiles) character file.

Game seed: 15830942207735493272

317 spaghetti the Skirmisher (level 6, -1/63 HPs)
             Began as a Deep Dwarf Fighter on Feb 25, 2022.
             Slain by an ice beast (10 damage)
             ... on level 3 of the Dungeon.
             The game lasted 00:04:17 (1548 turns).

spaghetti the Skirmisher (Deep Dwarf Fighter)       Turns: 1548, Time: 00:04:18

Health: -1/63      AC:  7    Str: 21    XL:     6   Next: 20%
Magic:  6/6        EV:  9    Int:  9    God:
Gold:   154        SH:  0    Dex: 12    Spells: 5/5 levels left

rFire   + . .      SeeInvis .   h - +0 lajatang {staff}
rCold   . . .      Faith    .   (shield currently unavailable)
rNeg    . . .      Spirit   .   b - +1 scale mail
rPois   .          Reflect  .   (no helmet)
rElec   .          Harm     .   (no cloak)
rCorr   .          Rampage  .   (no gloves)
Will    .....                   (no boots)
Stlth   ..........              (no amulet)
HPRegen 0.00/turn               g - ring of protection from fire
MPRegen 0.10/turn               (no ring)

@: no status effects
A: damage resistance, heal wounds, sense surroundings 1, no regeneration
a: Heal Wounds


You were on level 3 of the Dungeon.
You visited 1 branch of the dungeon, and saw 3 of its levels.

You collected 154 gold pieces.


Innate Abilities, Weirdness & Mutations

You are resistant to damage.
You can heal yourself by infusing magical energy.
You passively map a small area around you.
You do not regenerate.


   Skills:
 + Level 6.4 Fighting
 - Level 2.1 Axes
 - Level 3.2 Armour
 - Level 3.2 Shields


You had 5 spell levels left.
You didn't know any spells.
Your spell library contained the following spells:

 Spells                   Type           Power      Damage    Failure   Level
 Apportation              Tloc           0%         N/A       73%         1
 Corpse Rot               Necr/Air       0%         N/A       86%         2
 Poisonous Vapours        Pois/Air       0%         N/A       86%         2
 Alistair's Intoxication  Tmut/Pois      0%         N/A       100%        5

Inventory:

Hand Weapons
 a - a +0 war axe {axe}
 h - a +0 lajatang (weapon) {staff}
   (You found it on level 3 of the Dungeon)
Missiles
 f - 24 stones {throwing}
Armour
 b - a +1 scale mail (worn)
 c - a +0 buckler
Jewellery
 g - a ring of protection from fire (left hand)
   (You found it on level 2 of the Dungeon)
Scrolls
 i - a scroll of blinking {!r}
Potions
 d - a potion of magic
 e - a potion of brilliance

Dungeon Overview and Level Annotations

Branches:
Dungeon (3/15)

Altars:
Ashenzari
Nemelex Xobeh
The Shining One

##....####.##.#######.#
#.......#.##.# #.#
#.#.##....##.# #.#
#.#.#.....##.# #.#
#.#..........# #.#
##########.###.....####
#.# ...........#
##.....# #.#
###..####### ##Y##.#
#.# ##.# #@##.# ##.#
#.# ###.##.# #<.#
####.####### #.._...#
#.##
.#.#.#.#.#.###.#.#..#
#.#
#.#.#.#.#.###..#.##.#
#.#
.#.#.#.#.#.##.Y<.##.#
#.#
#.#.#.#.#.###.#####.#
#.# .#.#.#.#.#.##.# #.#
##.# #.#.#.#.#.###.###
#.# #..#


You could see an ice beast.


Message History

A bat comes into view.
The bat moves out of view.
Unknown command.
A bat and a kobold come into view.
The kobold shouts!
There are monsters nearby!
You see here a book of Vapours.
You pick up a book of Vapours and begin reading...
You add the spells Poisonous Vapours and Corpse Rot to your library.
Okay, then.
There is a fountain of clear blue water here.
As you open the door, it creaks loudly!
There is an open door here.
e - a scroll labelled RUWEPN PA FUGG
As you read the scroll labelled RUWEPN PA FUGG, it crumbles to dust.
It is a scroll of enchant armour.
Your +0 scale mail glows green for a moment.
You pick up a book of Party Tricks and begin reading...
You add the spells Apportation and Alistair's Intoxication to your library.
A kobold is nearby!
You slash the kobold!
You kill the kobold!
Things that are here:
a +0 short sword {short}; a kobold corpse
e - a potion of brilliance
Things that are here:
a +0 short sword {short}; a kobold corpse A bat is nearby!
A bat is nearby!
You are too injured to fight recklessly!
The bat hits you but does no damage. The bat barely misses you.
The bat closely misses you.
You slash the bat!
You kill the bat!
You now have 125 gold pieces (gained 8).
You now have 139 gold pieces (gained 14).
You now have 151 gold pieces (gained 12).
You now have 154 gold pieces (gained 3).
You see here the felid skeleton of Natasha.
You see here a +0 war axe {axe}.
You see here a +0 war axe {axe}.
i - a scroll of blinking {!r} Done exploring.
Done exploring.
(D) Dungeon
Where to? (Enter - D:2 @ (x,y), ? - help) Natasha, Servant of Life and Death comes into view.
Natasha hisses angrily.
Unknown command.
Natasha casts a spell at you. The magic dart hits you!
* * * LOW HITPOINT WARNING * * *
😨 HP[-8]
You take 8 damage, and now have 24/62 hp.
Okay, then.
Okay, then.
You feel much better.
Natasha extends her claws. 😮 HP[+19]
You regained 19 hp, and now have 43/62 hp.
You completely miss Natasha. Natasha claws you but does no damage.
You slash Natasha!
Natasha stares at you and mumbles some strange words.
The magic dart hits you. 😮 HP[-4]
You take 4 damage, and now have 39/62 hp.
You miss Natasha. Natasha claws you but does no damage.
Natasha closely misses you.
You closely miss Natasha. Natasha claws you. 😮 HP[-2]
You take 2 damage, and now have 37/62 hp.
You hit Natasha.
You kill Natasha!
Natasha screams in pain as she dies!
The ice beast closely misses you.
You now have 63 max hp (+1).
You hit the ice beast but do no damage. The ice beast barely misses you.
You closely miss the ice beast.
The ice beast hits you but does no damage.
The ice beast barely misses you.
You hit the ice beast. The ice beast hits you. The ice beast freezes you!
* * * LOW HITPOINT WARNING * * *
😨 HP[-12]
You take 12 damage, and now have 25/63 hp.
You slash the ice beast!
The ice beast hits you but does no damage.
You barely miss the ice beast.
The ice beast hits you but does no damage.
The ice beast barely misses you.
You closely miss the ice beast.
The ice beast hits you but does no damage.
You closely miss the ice beast. The ice beast hits you.
* * * LOW HITPOINT WARNING * * *
The ice beast freezes you!
* * * LOW HITPOINT WARNING * * *
The ice beast hits you.
* * * LOW HITPOINT WARNING * * *
The ice beast freezes you!
You die...

Skill      XL: |  1  2  3 |
---------------+----------+-----
Fighting       | 3 6 |  6.4
Axes           | |  2.1
Armour         | |  3.2
Shields        | |  3.2

Action                   |  1- 3 |  4- 6 || total
-------------------------+-------+-------++-------
Melee: War axe           |    23 |       ||    23
       Lajatang          |    63 |    31 ||    94
 Abil: Heal Wounds       |     1 |     1 ||     2
  Use: Potion            |     3 |     1 ||     4
       Scroll            |     2 |     2 ||     4
Armor: Scale mail        |    78 |    14 ||    92
Dodge: Dodged            |    61 |    18 ||    79
Block: Buckler           |    10 |       ||    10

Levels and vault maps discovered:
D:1:      minmay_arrival_cross, layout_basic, nicolae_ecumenical_lake_church
D:2:      layout_basic, serial_bayou_pond_e
D:3:      layout_loops_ring, ashenzari_altar_1, jmf_multi_god_temple,
          minivault_23, minmay_misc_feat_hallway, uniq_grinder, uniq_natasha

Notes
Turn   | Place    | Note
-------+----------+-------------------------------------------
     0 | D:1      | spaghetti the Deep Dwarf Fighter began the quest for the
                  | Orb.
     0 | D:1      | Reached XP level 1. HP: 20/20 MP: 1/1
     0 | D:1      | magus.rc [v1.9.6]
   263 | D:3      | Reached skill level 3 in Fighting
   278 | D:3      | Found a sparkling altar of Nemelex Xobeh.
   278 | D:3      | Found a glowing golden altar of the Shining One.
   340 | D:2      | Reached XP level 2. HP: 21/28 MP: 2/2
   412 | D:2      | Reached XP level 3. HP: 21/36 MP: 3/3
   591 | D:2      | Reached skill level 4 in Fighting
   804 | D:3      | Found a broken altar of Ashenzari.
   804 | D:3      | Noticed Grinder
   807 | D:3      | HP: 5/37 [Grinder/nerve-wracking pain (10)]
   809 | D:3      | Paralysed by Grinder for 3 turns
   816 | D:3      | Paralysed by Grinder for 4 turns
   820 | D:3      | Killed Grinder
   821 | D:3      | Reached skill level 6 in Fighting
   821 | D:3      | Reached XP level 4. HP: 37/48 MP: 4/4
   821 | D:3      | Reached XP level 5. HP: 42/55 MP: 5/5
   842 | D:3      | Noticed an ice beast
  1154 | D:3      | Noticed Natasha
  1161 | D:3      | Killed Natasha
  1162 | D:3      | Reached XP level 6. HP: 32/62 MP: 6/6
  1292 | D:3      | You pick up a book of Vapours and begin reading...
  1292 | D:3      | You add the spells Poisonous Vapours and Corpse Rot to your
                  | library.
  1309 | D:3      | You pick up a book of Party Tricks and begin reading...
  1309 | D:3      | You add the spells Apportation and Alistair's Intoxication
                  | to your library.
  1533 | D:3      | Noticed Natasha
  1541 | D:3      | Killed Natasha
  1548 | D:3      | HP: 10/63 [ice beast (13)]
  1548 | D:3      | Slain by an ice beast

Vanquished Creatures
  Grinder (D:3)
  Natasha (twice) (D:3)
  4 adders (D:2)
  A dart slug (D:3)
  A ball python (D:2)
  7 bats
  3 endoplasms (D:2)
  2 giant cockroaches (D:2)
  3 goblins (D:2)
  A hobgoblin (D:2)
  4 jackals (D:3)
  2 kobolds (D:3)
  3 rats
34 creatures vanquished.

Table legend:
 A = Non-vault XP
 B = Vault XP
 C = Vault XP percentage of total XP
 D = Non-vault monster count
 E = Vault monster count
 F = Vault count percentage of total count
                 A         B        C        D         E       F
            +---------+---------+-------+---------+---------+-------
      Total |     133 |     320 |  70.6 |      30 |       4 |  11.8
            +---------+---------+-------+---------+---------+-------
        D:1 |       2 |       0 |   0.0 |       1 |       0 |   0.0
        D:2 |      77 |       0 |   0.0 |      18 |       0 |   0.0
        D:3 |      54 |     320 |  85.6 |      11 |       4 |  26.7
            +---------+---------+-------+---------+---------+-------

Illustrated notes

Table legend:
 A = Kills in this place as a percentage of kills in entire the game.
 B = Kills by you in this place as a percentage of kills by you in the entire game.
 C = Kills by friends in this place as a percentage of kills by friends in the entire game.
 D = Other kills in this place as a percentage of other kills in the entire game.
 E = Experience gained in this place as a percentage of experience gained in the entire game.
 F = Experience gained in this place divided by the number of levels of this place that you have seen.
                   A       B       C       D       E      F
               +-------+-------+-------+-------+-------+----------------------
         Total | 100.0 | 100.0 |   N/A |   N/A | 100.0 | 151.0
       Dungeon | 100.0 | 100.0 |   N/A |   N/A | 100.0 | 151.0
               +-------+-------+-------+-------+-------+----------------------

Table legend: (Time is in decaauts)
 A = Elapsed time spent in this place.
 B = Non-inter-level travel time spent in this place.
 C = Inter-level travel time spent in this place.
 D = Time resting spent in this place.
 E = Time spent auto-exploring this place.
 F = Levels seen in this place.
 G = Mean time per level.
                   A        B        C        D        E       F      G
               +--------+--------+--------+--------+--------+-----+--------+
         Total |   1603 |   1401 |    202 |      0 |   1050 |   3 |  534.3 |
       Dungeon |   1603 |   1401 |    202 |      0 |   1050 |   3 |  534.3 |
               +--------+--------+--------+--------+--------+-----+--------+

Top non-repeatable levels by time:
     D:2: 799 daAuts
     D:3: 722 daAuts
     D:1: 81 daAuts
